| TOP OF THE 1ST |
|
Brockton Rox batting - Pitching for New Jersey Devils : RHP Yvon Tibaldi
|
|
Pitching: RHP Yvon Tibaldi
|
|
|
Batting: LHB Darby Starburster
|
0-0: Ball 1-0: Called Strike 1-1: Ball 2-1: Ball 3-1: Bunt missed! 3-2: Foul Ball, location: 2F 3-2: Fly out, F9 (Flyball, 9S, EV 96.9 MPH)
|
|
Batting: RHB Jose Blocker
|
0-0: Called Strike 0-1: Fly out, F8 (Flyball, 8LD, EV 104.4 MPH)
|
|
Batting: LHB Isaiah Spitzbarth
|
0-0: Called Strike 0-1: Foul Ball, location: 2F 0-2: Ball 1-2: Strikes out looking
|
| Top of the 1st over - 0 runs, 0 hits, 0 errors, 0 left on base; Brockton 0 - New Jersey 0 |
| BOTTOM OF THE 1ST |
|
New Jersey Devils batting - Pitching for Brockton Rox : RHP Jeremy Valk
|
|
Pitching: RHP Jeremy Valk
|
|
|
Batting: RHB Oscar Ramirez
|
0-0: Called Strike 0-1: Called Strike 0-2: Ball 1-2: Strikes out swinging
|
|
Batting: RHB Duk-yoon Park
|
0-0: Called Strike 0-1: DOUBLE (Flyball, 89D, EV 98.8 MPH)
|
|
Batting: SHB Adonis Jones
|
0-0: Ball 1-0: Ball 2-0: Called Strike 2-1: Fly out, F9 (Line Drive, 89D, EV 99.4 MPH)
|
|
Batting: SHB Ernesto Mazas
|
0-0: Ball Passed Ball! Duk-yoon Park to third 1-0: Ball 2-0: Ball 3-0: Called Strike 3-1: Base on Balls
|
|
Batting: LHB Mike Bolock
|
0-0: Fly out, F8 (Flyball, 8RXD, EV 110.6 MPH)
|
| Bottom of the 1st over - 0 runs, 1 hit, 0 errors, 2 left on base; Brockton 0 - New Jersey 0 |
| TOP OF THE 2ND |
|
Brockton Rox batting - Pitching for New Jersey Devils : RHP Yvon Tibaldi
|
|
Batting: LHB Joe Martens
|
0-0: Foul Ball, location: 2F 0-1: Ball 1-1: Swinging Strike 1-2: Strikes out swinging
|
|
Batting: RHB Joe Lewis
|
0-0: Swinging Strike 0-1: Swinging Strike 0-2: Foul Ball, location: 2F 0-2: Ball 1-2: Strikes out swinging
|
|
Batting: SHB Zach Clark
|
0-0: Ball 1-0: Foul Ball, location: 2F 1-1: Swinging Strike 1-2: Strikes out swinging
|
| Top of the 2nd over - 0 runs, 0 hits, 0 errors, 0 left on base; Brockton 0 - New Jersey 0 |
| BOTTOM OF THE 2ND |
|
New Jersey Devils batting - Pitching for Brockton Rox : RHP Jeremy Valk
|
|
Batting: SHB Devin Lambert
|
0-0: Called Strike 0-1: Called Strike 0-2: Strikes out looking
|
|
Batting: LHB Rodolfo Alvarez
|
0-0: Foul Ball, location: 2F 0-1: Ball 1-1: Ball 2-1: Swinging Strike 2-2: Foul Ball, location: 2F 2-2: Strikes out swinging
|
|
Batting: LHB Jason Miller
|
0-0: Ball 1-0: Fly out, F8 (Line Drive, 89M, EV 105.6 MPH)
|
| Bottom of the 2nd over - 0 runs, 0 hits, 0 errors, 0 left on base; Brockton 0 - New Jersey 0 |
| TOP OF THE 3RD |
|
Brockton Rox batting - Pitching for New Jersey Devils : RHP Yvon Tibaldi
|
|
Batting: LHB Alexis Toxqui
|
0-0: Ball 1-0: Called Strike 1-1: Called Strike 1-2: Foul Ball, location: 2F 1-2: Strikes out swinging
|
|
Batting: RHB Jeremy Valk
|
0-0: Called Strike 0-1: DOUBLE (Flyball, 8LXD, EV 94.4 MPH)
|
|
Batting: RHB Rob Romero
|
0-0: Fly out, F7 (Flyball, 7S, EV 76.9 MPH)
|
|
Batting: LHB Darby Starburster
|
0-0: Called Strike 0-1: Ground out 6-3 (Groundball, 6, EV 81.2 MPH)
|
| Top of the 3rd over - 0 runs, 1 hit, 0 errors, 1 left on base; Brockton 0 - New Jersey 0 |
| BOTTOM OF THE 3RD |
|
New Jersey Devils batting - Pitching for Brockton Rox : RHP Jeremy Valk
|
|
Batting: RHB Torsten Hodensack
|
0-0: Ground out 6-3 (Groundball, 6, EV 83.8 MPH)
|
|
Batting: RHB Oscar Ramirez
|
0-0: Foul Ball, location: 2F 0-1: Fly out, F8 (Flyball, 8RM, EV 85.0 MPH)
|
|
Batting: RHB Duk-yoon Park
|
0-0: Ball 1-0: Fly out, F8 (Flyball, 8LM, EV 81.9 MPH)
|
| Bottom of the 3rd over - 0 runs, 0 hits, 0 errors, 0 left on base; Brockton 0 - New Jersey 0 |
| TOP OF THE 4TH |
|
Brockton Rox batting - Pitching for New Jersey Devils : RHP Yvon Tibaldi
|
|
Batting: RHB Jose Blocker
|
0-0: Called Strike 0-1: Foul Ball, location: 2F 0-2: Ball 1-2: Foul Ball, location: 2F 1-2: Fly out, F4 (Flyball, 34D, EV 94.4 MPH)
|
|
Batting: LHB Isaiah Spitzbarth
|
0-0: Ball 1-0: SINGLE (Line Drive, 3D, EV 103.1 MPH)
|
|
Batting: LHB Joe Martens
|
0-0: Fly out, F9 (Flyball, 89M, EV 88.1 MPH)
|
|
Batting: RHB Joe Lewis
|
0-0: Swinging Strike 0-1: Called Strike 0-2: Ball 1-2: Ball 2-2: Foul Ball, location: 2F 2-2: Strikes out looking
|
| Top of the 4th over - 0 runs, 1 hit, 0 errors, 1 left on base; Brockton 0 - New Jersey 0 |
| BOTTOM OF THE 4TH |
|
New Jersey Devils batting - Pitching for Brockton Rox : RHP Jeremy Valk
|
|
Batting: SHB Adonis Jones
|
0-0: Ball 1-0: Ball 2-0: Swinging Strike 2-1: Ball 3-1: Base on Balls
|
|
Batting: SHB Ernesto Mazas
|
0-0: Called Strike 0-1: Ball 1-1: Ball 2-1: Foul Ball, location: 2F 2-2: SINGLE (Groundball, 6MD, EV 99.4 MPH) Adonis Jones to second
|
|
Batting: LHB Mike Bolock
|
0-0: Ball 1-0: Swinging Strike 1-1: Grounds into double play, 6-4-3 (Groundball, 6, EV 80.6 MPH) Adonis Jones to third
|
|
Batting: SHB Devin Lambert
|
0-0: Ball 1-0: Ball 2-0: Ball 3-0: Called Strike 3-1: Base on Balls
|
|
Batting: LHB Rodolfo Alvarez
|
0-0: Ball 1-0: Ball 2-0: Called Strike 2-1: Ball 3-1: Base on Balls Devin Lambert to second
|
|
Batting: LHB Jason Miller
|
0-0: Ball 1-0: Foul Ball, location: 2F 1-1: Ball 2-1: Foul Ball, location: 2F 2-2: Ball 3-2: Strikes out swinging
|
| Bottom of the 4th over - 0 runs, 1 hit, 0 errors, 3 left on base; Brockton 0 - New Jersey 0 |
| TOP OF THE 5TH |
|
Brockton Rox batting - Pitching for New Jersey Devils : RHP Yvon Tibaldi
|
|
Batting: SHB Zach Clark
|
0-0: Ball 1-0: Ball 2-0: Ball 3-0: Called Strike 3-1: Ground out U3 (Groundball, 3, EV 85.0 MPH)
|
|
Batting: LHB Alexis Toxqui
|
0-0: Fly out, F7 (Flyball, 7S, EV 95.0 MPH)
|
|
Batting: RHB Jeremy Valk
|
0-0: Ball 1-0: Swinging Strike 1-1: Ball 2-1: Swinging Strike 2-2: Strikes out swinging
|
| Top of the 5th over - 0 runs, 0 hits, 0 errors, 0 left on base; Brockton 0 - New Jersey 0 |
| BOTTOM OF THE 5TH |
|
New Jersey Devils batting - Pitching for Brockton Rox : RHP Jeremy Valk
|
|
Batting: RHB Torsten Hodensack
|
0-0: Ball 1-0: Ball 2-0: Ground out 5-3 (Groundball, 56S, EV 88.8 MPH)
|
|
Pitching: RHP Nico Welling
|
|
|
Batting: RHB Oscar Ramirez
|
0-0: Ball 1-0: Ball 2-0: Ball 3-0: Called Strike 3-1: Base on Balls
|
|
Batting: RHB Duk-yoon Park
|
0-0: Swinging Strike 0-1: SINGLE (Line Drive, 34, EV 95.0 MPH) Oscar Ramirez to second
|
|
Batting: SHB Adonis Jones
|
0-0: Ball 1-0: Called Strike 1-1: Called Strike 1-2: Foul Ball, location: 2F 1-2: Foul Ball, location: 2F 1-2: Foul Ball, location: 2F 1-2: SINGLE (Line Drive, 9S, EV 107.5 MPH) Oscar Ramirez to third Duk-yoon Park to second
|
|
Batting: SHB Ernesto Mazas
|
0-0: Ball 1-0: Ball 2-0: Called Strike 2-1: Called Strike 2-2: Ball 3-2: Foul Ball, location: 2F 3-2: Fielders Choice at 2nd, U6 (Groundball, 4MS, EV 88.1 MPH) Oscar Ramirez scores Duk-yoon Park to third
|
|
Batting: LHB Mike Bolock
|
0-0: Called Strike 0-1: Called Strike 0-2: Strikes out swinging
|
| Bottom of the 5th over - 1 run, 2 hits, 0 errors, 2 left on base; Brockton 0 - New Jersey 1 |
| TOP OF THE 6TH |
|
Brockton Rox batting - Pitching for New Jersey Devils : RHP Yvon Tibaldi
|
|
Batting: RHB Rob Romero
|
0-0: Called Strike 0-1: Swinging Strike 0-2: Foul Ball, location: 2F 0-2: Ball 1-2: Ball 2-2: Foul Ball, location: 2F 2-2: Strikes out swinging
|
|
Batting: LHB Darby Starburster
|
0-0: SINGLE (Groundball, 34D, EV 102.5 MPH)
|
|
Batting: RHB Jose Blocker
|
0-0: Foul Ball, location: 2F 0-1: Ball 1-1: Ball Darby Starburster steals 2nd base 2-1: Foul Ball, location: 2F 2-2: Ball 3-2: Strikes out looking
|
|
Batting: LHB Isaiah Spitzbarth
|
0-0: Foul Ball, location: 2F 0-1: Called Strike 0-2: Strikes out looking
|
| Top of the 6th over - 0 runs, 1 hit, 0 errors, 1 left on base; Brockton 0 - New Jersey 1 |
| BOTTOM OF THE 6TH |
|
New Jersey Devils batting - Pitching for Brockton Rox : RHP Nico Welling
|
|
Batting: SHB Devin Lambert
|
0-0: Ball 1-0: Called Strike 1-1: Swinging Strike 1-2: Foul Ball, location: 2F 1-2: Strikes out swinging
|
|
Batting: LHB Rodolfo Alvarez
|
0-0: Ball 1-0: Hit by Pitch
|
|
Batting: LHB Jason Miller
|
0-0: Called Strike 0-1: Ball 1-1: Called Strike 1-2: Fielders Choice at 2nd, 4-6 (Groundball, 34, EV 78.1 MPH)
|
|
Batting: RHB Torsten Hodensack
|
0-0: Called Strike 0-1: Ball 1-1: Fly out, F4 (Popup, 3D, EV 65.6 MPH)
|
| Bottom of the 6th over - 0 runs, 0 hits, 0 errors, 1 left on base; Brockton 0 - New Jersey 1 |
| TOP OF THE 7TH |
|
Brockton Rox batting - Pitching for New Jersey Devils : RHP Yvon Tibaldi
|
|
Batting: LHB Joe Martens
|
0-0: Ball 1-0: Ball 2-0: Called Strike 2-1: Swinging Strike 2-2: Foul Ball, location: 2F 2-2: Fly out, F8 (Flyball, 8RD, EV 101.9 MPH)
|
|
Pinch Hitting: RHB Matt Walker
|
0-0: Ball 1-0: Ball 2-0: SINGLE (Flyball, 4D, EV 83.8 MPH)
|
|
Pinch Hitting: RHB Chris Zubia
|
0-0: Ball 1-0: Ball 2-0: Foul Ball, location: 2F 2-1: Foul Ball, location: 2F 2-2: Fly out, F6 (Line Drive, 6, EV 72.5 MPH)
|
|
Pinch Hitting: LHB Eddie Noon
|
0-0: Called Strike 0-1: Ball 1-1: Foul Ball, location: 2F 1-2: Foul Ball, location: 2F 1-2: Ball 2-2: Foul Ball, location: 2F 2-2: Strikes out looking
|
| Top of the 7th over - 0 runs, 1 hit, 0 errors, 1 left on base; Brockton 0 - New Jersey 1 |
| BOTTOM OF THE 7TH |
|
New Jersey Devils batting - Pitching for Brockton Rox : RHP Nico Welling
|
|
Now at 2B: Joe Borrowman
|
|
|
Now at 3B: Chris Zubia
|
|
|
Now in CF: Matt Walker
|
|
|
Batting: RHB Oscar Ramirez
|
0-0: Called Strike 0-1: Ball 1-1: Called Strike 1-2: Ball 2-2: Strikes out swinging
|
|
Batting: RHB Duk-yoon Park
|
0-0: Called Strike 0-1: Ground out 4-3 (Groundball, 4, EV 105.0 MPH)
|
|
Batting: SHB Adonis Jones
|
0-0: Ball 1-0: Called Strike 1-1: Ball 2-1: Ball 3-1: Base on Balls
|
|
Pitching: RHP Wu-sheng Zi
|
|
|
Batting: SHB Ernesto Mazas
|
0-0: Ball 1-0: Ball 2-0: SINGLE (Groundball, P, EV 86.2 MPH) (infield hit) Adonis Jones to second
|
|
Batting: LHB Mike Bolock
|
0-0: Ball 1-0: Ball 2-0: Ground out U3 (Groundball, 34, EV 91.2 MPH)
|
| Bottom of the 7th over - 0 runs, 1 hit, 0 errors, 2 left on base; Brockton 0 - New Jersey 1 |
| TOP OF THE 8TH |
|
Brockton Rox batting - Pitching for New Jersey Devils : RHP Yvon Tibaldi
|
|
Batting: RHB Wu-sheng Zi
|
0-0: Fly out, F9 (Flyball, 9D, EV 85.0 MPH)
|
|
Batting: RHB Rob Romero
|
0-0: Called Strike 0-1: Ground out 6-3 (Groundball, 6M, EV 81.9 MPH)
|
|
Pinch Hitting: LHB Jim Connel
|
0-0: Ball 1-0: Called Strike 1-1: Foul Ball, location: 2F 1-2: Strikes out looking
|
| Top of the 8th over - 0 runs, 0 hits, 0 errors, 0 left on base; Brockton 0 - New Jersey 1 |
| BOTTOM OF THE 8TH |
|
New Jersey Devils batting - Pitching for Brockton Rox : RHP Wu-sheng Zi
|
|
Now at SS: Jim Connel
|
|
|
Batting: SHB Devin Lambert
|
0-0: Ball 1-0: Called Strike 1-1: Ball 2-1: Fly out, F8 (Flyball, 8RM, EV 91.2 MPH)
|
|
Batting: LHB Rodolfo Alvarez
|
0-0: Fly out, F8 (Flyball, 8RD, EV 94.4 MPH)
|
|
Batting: LHB Jason Miller
|
0-0: Called Strike 0-1: Foul Ball, location: 2F 0-2: Ball 1-2: Foul Ball, location: 2F 1-2: Ball 2-2: Foul Ball, location: 2F 2-2: Strikes out swinging
|
| Bottom of the 8th over - 0 runs, 0 hits, 0 errors, 0 left on base; Brockton 0 - New Jersey 1 |
| TOP OF THE 9TH |
|
Brockton Rox batting - Pitching for New Jersey Devils : RHP Yvon Tibaldi
|
|
Pitching: RHP Andy Corcoran
|
|
|
Now at 1B: Carlos Saldivar
|
|
|
Now at 2B: Ted Hickey
|
|
|
Now at 3B: Matt Reynolds
|
|
|
Now in LF: Ernesto Mazas
|
|
|
Now in CF: Sergio Andrada
|
|
|
Pinch Hitting: RHB Kyle Franken
|
0-0: Ball 1-0: Called Strike 1-1: Ball 2-1: Called Strike 2-2: Ball 3-2: Foul Ball, location: 2F 3-2: Base on Balls
|
|
Batting: LHB Isaiah Spitzbarth
|
0-0: Called Strike 0-1: Fly out, F9 (Line Drive, 89D, EV 101.9 MPH)
|
|
Batting: LHB Joe Martens
|
0-0: Ball 1-0: Ball 2-0: Ball 3-0: Called Strike 3-1: Base on Balls Kyle Franken to second
|
|
Pinch Runner at 2nd Carlos Salazar:
|
|
|
Batting: RHB Matt Walker
|
0-0: Foul Ball, location: 2F 0-1: Swinging Strike 0-2: Ball 1-2: Strikes out swinging
|
|
Batting: RHB Chris Zubia
|
0-0: Ball 1-0: Ball 2-0: Foul Ball, location: 2F 2-1: Foul Ball, location: 2F 2-2: Foul Ball, location: 2F 2-2: Ball 3-2: 3-RUN HOME RUN (Flyball, 78XD, EV 104.4 MPH), Distance : 399 ft
|
|
Batting: RHB Joe Borrowman
|
0-0: Ground out 6-3 (Groundball, 6, EV 101.2 MPH)
|
| Top of the 9th over - 3 runs, 1 hit, 0 errors, 0 left on base; Brockton 3 - New Jersey 1 |
| BOTTOM OF THE 9TH |
|
New Jersey Devils batting - Pitching for Brockton Rox : RHP Wu-sheng Zi
|
|
Now at 1B: David Stone
|
|
|
Batting: RHB Sergio Andrada
|
0-0: Ball 1-0: Foul Ball, location: 2F 1-1: Ball 2-1: Fly out, F8 (Flyball, 8RXD, EV 105.6 MPH)
|
|
Pinch Hitting: RHB John Carpenter
|
0-0: Called Strike 0-1: Ball 1-1: Ball 2-1: Foul Ball, location: 2F 2-2: Strikes out swinging
|
|
Pinch Hitting: LHB Miguel Quizhpi
|
0-0: Foul Ball, location: 2F 0-1: Ball 1-1: Ball 2-1: SINGLE (Groundball, 34D, EV 103.1 MPH)
|
|
Batting: SHB Adonis Jones
|
0-0: Ball 1-0: Ball 2-0: Ball 3-0: Base on Balls Miguel Quizhpi to second
|
|
Batting: SHB Ernesto Mazas
|
0-0: Ball 1-0: Called Strike 1-1: Ball 2-1: Ball 3-1: Ground out 1-3 (Groundball, 34S, EV 75.6 MPH)
|
| Bottom of the 9th over - 0 runs, 1 hit, 0 errors, 2 left on base; Brockton 3 - New Jersey 1 |
|